 Dungeon Crawl Stone Soup version 0.31-a0-188-g5e087ee2ca (webtiles) character file.

Game seed: 7548407114415601137

751 qw the Skirmisher (level 7, -4/40 HPs)
             Began as a Deep Elf Hunter on June 23, 2023.
             Slain by a killer bee (6 damage)
             ... on level 8 of the Dungeon.
             The game lasted 00:01:30 (3753 turns).

qw the Skirmisher (Deep Elf Hunter)                 Turns: 3753, Time: 00:01:30

Health: -4/40      AC:  7    Str: 16    XL:     7   Next: 49%
Magic:  3/3        EV: 12    Int: 16    God:
Gold:   6          SH:  0    Dex: 18    Spells: 6/6 levels left

rFire   . . .        a - +0 orcbow of Iconoclasm {antimagic, *Slow rElec rPois Int+2}
rCold   . . .        (shield currently unavailable)
rNeg    . . .        d - +0 ring mail
rPois   +            (no helmet)
rElec   +            b - +1 cloak
rCorr   .            (no gloves)
SInv    +            (no boots)
Will    .....        (no amulet)
Stlth   +            e - ring of see invisible
HPRegen 0.26/turn    j - +6 ring of strength
MPRegen 0.08/turn

%: slow self (1%)
@: lethally poisoned (-4 -> -10)
A: no striking features
a: no special abilities


You were on level 8 of the Dungeon.
You visited 1 branch of the dungeon, and saw 6 of its levels.

You collected 201 gold pieces.
You spent 195 gold pieces at shops.


   Skills:
 - Level 2.4 Fighting
 - Level 11.3 Ranged Weapons
 + Level 0.9 Armour
 - Level 3.0 Dodging
 - Level 1.2 Stealth


You had 6 spell levels left.
You didn't know any spells.
Your spell library was empty.

Inventory:

Hand Weapons
 a - the +0 orcbow of Iconoclasm (weapon) {antimagic, *Slow rElec rPois Int+2}
   (You acquired it on level 1 of the Dungeon)

   Int:       It affects your intelligence (+2).
   rElec:     It insulates you from electricity.
   rPois:     It protects you from poison.
   *Slow:     It may slow you when you take damage.
Armour
 b - a +1 cloak (worn)
 d - a +0 ring mail (worn)
Jewellery
 e - a ring of see invisible (left hand)
 j - a +6 ring of strength (right hand)
 k - a ring of see invisible
Scrolls
 l - 2 scrolls of identify
 m - a scroll of enchant weapon
 n - a scroll of brand weapon {unknown}
 p - a scroll of teleportation
Potions
 c - a potion of might {unknown}
 f - a potion of invisibility {unknown}
 g - 3 potions of heal wounds
 h - a potion of attraction {unknown}
 i - a potion of curing
 o - a potion of mutation {unknown}
 q - a potion of berserk rage {unknown}
 r - a potion of enlightenment

Dungeon Overview and Level Annotations

Branches:
Dungeon (5/15)
 Temple: D:4-7

Altars:
Nemelex Xobeh

Shops:
D:2 [=   D:8 !


Message History

The killer bee is moderately wounded.
The killer bee closely misses you.
The killer bee stings you but does no damage.
You shoot an arrow. The arrow hits the killer bee!
The killer bee is almost dead.
The killer bee stings you.
You are poisoned.
The killer bee poisons you! The killer bee stings you.
You shoot an arrow. The arrow barely misses the killer bee.
The arrow barely misses the orc warrior.
You feel sick. The killer bee closely misses you.
The killer bee stings you but does no damage.
The orc wizard gestures at you while chanting.
The puff of flame misses you.
You shoot an arrow. The arrow barely misses the killer bee.
The arrow hits the orc warrior.
The orc warrior is moderately wounded.
You feel sick. The killer bee barely misses you.
You shoot an arrow.
The arrow hits the killer bee but does no damage.
The killer bee is severely wounded.
You feel sick.
The killer bee stings you but does no damage.
The killer bee completely misses you. The killer bee stings you.
You are more poisoned.
The killer bee poisons you!
The killer bee stings you but does no damage.
You shoot an arrow.
The arrow hits the orc wizard but does no damage.
The orc wizard is severely wounded.
You feel very sick.
The orc wizard's magic is no longer disrupted.
The killer bee barely misses you. The killer bee stings you!
The killer bee barely misses you. The killer bee closely misses you.
The orc wizard hits you with a +0 dagger.
You shoot an arrow. The arrow hits the orc wizard.
You kill the orc wizard!
You feel sick. The killer bee stings you. The killer bee barely misses you.
The killer bee closely misses you. x2; The killer bee stings you. x2
You die...

#########
####.......##
.....#...#..#
.#.#..#.#...#
#.....\....#
###..#@#...#
#.#oyy#..#
#...y.oo.#
.$..#####.#
####. (. #.
... # .


You could see an orc warrior, 3 killer bees, an orc wizard and an orc.

Vanquished Creatures
  An ice beast (D:5)
  A black bear (D:4)
  3 scorpions
  A jelly (D:5)
  A hound (D:5)
  Jessica (D:2)
  3 orc wizards
  3 iguanas
  6 adders
  3 gnolls (D:4)
  A shadow imp (D:5)
  A worm (D:3)
  4 orcs
  6 ball pythons
  5 bats
  6 endoplasms
  A giant cockroach (D:3)
  7 goblins
  12 hobgoblins
  2 jackals (D:3)
  7 quokkas
  10 frilled lizards
  9 kobolds
  6 rats
100 creatures vanquished.

Notes
Turn   | Place    | Note
-------+----------+-------------------------------------------
     0 | D:1      | qw the Deep Elf Hunter began the quest for the Orb.
     0 | D:1      | Reached XP level 1. HP: 12/12 MP: 3/3
     0 | D:1      | 0 ||| qw: Version: 0.3-a-9-g12657ce
     0 | D:1      | 0 ||| qw: Game counter: 3287
     0 | D:1      | 0 ||| qw: Always use a shield: true
     0 | D:1      | 0 ||| qw: God list: Okawaru
     0 | D:1      | 0 ||| qw: Allow faded altars: false
     0 | D:1      | 0 ||| qw: Do Orc after D:15 true
     0 | D:1      | 0 ||| qw: Do second Lair branch before Depths: true
     0 | D:1      | 0 ||| qw: Lair rune preference: random
     0 | D:1      | 0 ||| qw: Plans: Normal
     0 | D:1      | 0 ||| PLANNING D:1-11
   308 | D:1      | Reached XP level 2. HP: 16/16 MP: 4/4
   323 | D:1      | Reached skill level 6 in Ranged Weapons
   761 | D:1      | 761 ||| UPGRADING to +0 ring mail.
   771 | D:1      | 771 ||| DROPPING +0 leather armour.
   772 | D:1      | 772 ||| READING scroll labelled LAZE UXYUSYIMU.
   773 | D:1      | 773 ||| READING scroll labelled YSOANE KEKISO.
   774 | D:1      | 774 ||| READING scroll labelled NYUCIO IHUOG.
   802 | D:1      | 802 ||| READING scroll labelled UMMONUTHREN.
   802 | D:1      | Identified a scroll of acquirement
   802 | D:1      | 802 ||| ACQUIRING +0 orcbow of Iconoclasm {antimagic, *Slow
                  | rElec rPois Int+2}
   802 | D:1      | Acquired the +0 orcbow of Iconoclasm {antimagic, *Slow
                  | rElec rPois Int+2}
   804 | D:1      | 804 ||| SWAPPING to +0 orcbow of Iconoclasm {antimagic,
                  | *Slow rElec rPois Int+2}.
   805 | D:1      | 805 ||| DROPPING +0 shortbow.
   806 | D:1      | 806 ||| READING scroll labelled GAG BUJUSU.
   807 | D:1      | 807 ||| DROPPING scroll of butterflies.
   907 | D:2      | Noticed Jessica
   915 | D:2      | Killed Jessica
   916 | D:2      | Reached skill level 7 in Ranged Weapons
   916 | D:2      | Reached XP level 3. HP: 13/20 MP: 1/5
  1015 | D:2      | Found Tem Hiesahah's Magic Scroll Shop.
  1218 | D:2      | Reached XP level 4. HP: 25/25 MP: 2/6
  1322 | D:2      | Found Haiph's Antique Armour Emporium.
  1327 | D:2      | 1327 ||| SHOPLISTING pair of gloves (81 gold, have 11).
  1610 | D:2      | Found Ycker's Jewellery Shoppe.
  1618 | D:2      | 1618 ||| SHOPLISTING +5 ring of evasion (432 gold, have
                  | 31).
  1618 | D:2      | 1618 ||| SHOPLISTING amulet of reflection (360 gold, have
                  | 31).
  1618 | D:2      | 1618 ||| SHOPLISTING ring of fire (300 gold, have 31).
  1618 | D:2      | 1618 ||| SHOPLISTING ring of positive energy (240 gold,
                  | have 31).
  1618 | D:2      | 1618 ||| SHOPLISTING ring of protection from cold (300
                  | gold, have 31).
  1618 | D:2      | 1618 ||| SHOPLISTING ring of resist corrosion (240 gold,
                  | have 31).
  1873 | D:2      | 1873 ||| UPGRADING to ring of see invisible.
  1874 | D:2      | 1874 ||| READING scroll labelled TAOPROO LICUPS.
  1875 | D:2      | 1875 ||| READING 3 scrolls labelled UCOTHAHOER.
  1876 | D:2      | 1876 ||| READING scroll labelled YKEANKURAN.
  1881 | D:2      | 1881 ||| DROPPING 2 scrolls of vulnerability.
  1980 | D:3      | Reached skill level 8 in Ranged Weapons
  2169 | D:3      | Found a faded altar of an unknown god.
  2636 | D:3      | Found a sparkling altar of Nemelex Xobeh.
  2644 | D:3      | 2644 ||| UPGRADING to +1 cloak.
  2686 | D:4      | Noticed a scorpion
  2688 | D:4      | Noticed a scorpion
  2691 | D:4      | Killed a scorpion
  2692 | D:4      | Reached skill level 9 in Ranged Weapons
  2692 | D:4      | Reached XP level 5. HP: 29/29 MP: 2/7
  2697 | D:4      | 2697 ||| STAIRDANCE
  2767 | D:4      | Reached XP level 6. HP: 29/36 MP: 2/8
  2952 | D:4      | 2952 ||| FLEEEEING.
  2960 | D:4      | 2960 ||| STAIRDANCE
  2984 | D:3      | 2984 ||| UPGRADING to +6 ring of strength.
  3040 | D:4      | Reached skill level 3 in Dodging
  3220 | D:4      | Reached skill level 10 in Ranged Weapons
  3243 | D:4      | 3243 ||| DRINKING 2 puce potions.
  3257 | D:5      | Entered Level 5 of the Dungeon
  3263 | D:5      | Reached XP level 7. HP: 40/40 MP: 3/9
  3494 | D:5      | Reached skill level 11 in Ranged Weapons
  3735 | D:5      | You fall into a shaft and drop 3 floors!
  3735 | D:8      | Found Hietiufae's Distillery.
  3739 | D:8      | 3739 ||| BUYING 2 potions of heal wounds (130 gold).
  3739 | D:8      | Bought 2 potions of heal wounds for 130 gold pieces
  3739 | D:8      | 3739 ||| SHOPLISTING potion of cancellation (104 gold, have
                  | 71).
  3739 | D:8      | 3739 ||| BUYING potion of enlightenment (65 gold).
  3739 | D:8      | Bought a potion of enlightenment for 65 gold pieces
  3739 | D:8      | 3739 ||| SHOPLISTING potion of heal wounds (65 gold, have
                  | 6).
  3739 | D:8      | 3739 ||| SHOPLISTING potion of mutation (104 gold, have 6).
  3753 | D:8      | HP: 9/40 [poisoned by a killer bee]
  3753 | D:8      | HP: 4/40 [killer bee (5)]
  3753 | D:8      | Slain by a killer bee

Levels and vault maps discovered:
D:1:      dpeg_arrival_circle_labyrinth_c, layout_basic
D:2:      layout_loops_corners, serial_shops, shop, shop, shop,
          minmay_lizard_king, uniq_jessica
D:3:      layout_basic, nemelex_dance_club_becter,
          shapermc_ecumenical_altar_notcrosses, wad_floor_pattern_1
D:4:      layout_rooms
D:5:      layout_loops_ring
D:8:      layout_basic, serial_shops, nicolae_shop_advertising_works
          [nicolae_subvault_shop_adworks], shop, shop, shop, minivault_22,
          nicolae_elevator_lobby_plus

Skill      XL: |  1  2  3  4  5  6  7 |
---------------+----------------------+-----
Ranged Weapons | 7 9 10 11 | 11.3
Fighting       | 2 |  2.4
Dodging        | 3 |  3.0
Armour         | |  0.9
Stealth        | |  1.2

Action                     |  1- 3 |  4- 6 |  7- 9 || total
---------------------------+-------+-------+-------++-------
   Fire: Shortbow          |    42 |       |       ||    42
         Orcbow            |    32 |   198 |    50 ||   280
    Use: Scroll            |     5 |     3 |       ||     8
         Potion            |       |     1 |       ||     1
 Armour: Leather armour    |     4 |       |       ||     4
         Ring mail         |     8 |    40 |     8 ||    56
  Dodge: Dodged            |    14 |    58 |    19 ||    91

Table legend:
 A = Non-vault XP
 B = Vault XP
 C = Vault XP percentage of total XP
 D = Non-vault monster count
 E = Vault monster count
 F = Vault count percentage of total count
                 A         B        C        D         E       F
            +---------+---------+-------+---------+---------+-------
      Total |    1060 |      49 |   4.4 |      90 |      10 |  10.0
            +---------+---------+-------+---------+---------+-------
        D:1 |      36 |       0 |   0.0 |      22 |       0 |   0.0
        D:2 |      32 |      44 |  57.9 |      13 |       8 |  38.1
        D:3 |     159 |       5 |   3.0 |      23 |       2 |   8.0
        D:4 |     448 |       0 |   0.0 |      21 |       0 |   0.0
        D:5 |     350 |       0 |   0.0 |      10 |       0 |   0.0
        D:8 |      35 |       0 |   0.0 |       1 |       0 |   0.0
            +---------+---------+-------+---------+---------+-------
